 Dungeon Crawl Stone Soup version 0.20-a0-1073-g49e0d3e (webtiles) character file.

30 Rrauwl the Grave Robber (level 3, -6/28 HPs)
             Began as a Ghoul Necromancer on Apr 29, 2017.
             Mangled by a gnoll
             ... wielding a +0 whip
              (9 damage)
             ... on level 2 of the Dungeon.
             The game lasted 00:05:41 (1014 turns).

Rrauwl the Grave Robber (Ghoul Necromancer)         Turns: 1014, Time: 00:05:41

Health: -6/28      AC:  4    Str: 11    XL:     3   Next: 20%
Magic:  2/5        EV: 12    Int:  8    God:
Gold:   44         SH:  0    Dex: 10    Spells: 5/6 levels left

rFire    . . .     SeeInvis .   h - +0 hunting sling
rCold    + . .     Gourm    .   (no shield)
rNeg     + + +     Faith    .   a - +0 robe
rPois    ∞         Spirit   .   (no helmet)
rElec    .         Reflect  .   (no cloak)
rCorr    .         Harm     .   (no gloves)
MR       .....                  (no boots)
Stlth    ++........             (no amulet)
Regen    0.0/turn               g - +2 ring of protection
MPRegen  0.1/turn               i - -2 ring of intelligence (curse)

@: rotting
A: rotting body, claws 1, carnivore 3, cold resistance 1, negative energy
resistance 3, inhibited regeneration, torment resistance, unbreathing
a: no special abilities


You were on level 2 of the Dungeon.
You were not hungry.

You visited 1 branch of the dungeon, and saw 3 of its levels.

You collected 44 gold pieces.

Inventory:

Hand Weapons
 h - a +0 hunting sling (weapon)
Missiles
 f - 3 stones (quivered)
Armour
 a - a +0 robe (worn)
Jewellery
 g - a +2 ring of protection (left claw)
 i - a cursed -2 ring of intelligence (right claw)
Scrolls
 d - a scroll of teleportation
Potions
 e - a potion of curing
Books
 b - a book of Necromancy

   Spells                             Type                      Level
   a - Pain                           Necromancy                   1
   b - Animate Skeleton               Necromancy                   1
   c - Vampiric Draining              Necromancy                   3
   d - Regeneration                   Charms/Necromancy            3
   e - Animate Dead                   Necromancy                   4
   f - Control Undead                 Necromancy                   4
Comestibles
 c - 2 meat rations
 j - 4 chunks of flesh


   Skills:
 + Level 1.5 Fighting
 + Level 0.3 Armour
 - Level 2.0 Dodging
 - Level 2.1 Stealth
 - Level 2.0 Spellcasting
 + Level 4.2 Necromancy


You had 5 spell levels left.
You knew the following spells:

 Your Spells              Type           Power        Failure   Level  Hunger
a - Pain                  Necr           #...         6%          1    ##.....


Dungeon Overview and Level Annotations

Branches:
Dungeon (3/15)

Altars:
Ashenzari

Annotations:
D:2 Sigmund


Innate Abilities, Weirdness & Mutations

Your body is rotting away.
You thrive on raw meat.
You are immune to poison.
You have sharp fingernails.
You are carnivorous and can eat meat at any time.
Your flesh is cold resistant. (rC+)
You are immune to negative energy. (rN+++)
You do not regenerate when monsters are visible.
You are immune to unholy pain and torment.
You can survive without breathing.


Message History

* * * LOW HITPOINT WARNING * * *
The gnoll hits you from afar with a spear.
* * * LOW HITPOINT WARNING * * *
Casting: Pain
Confirm with . or Enter, or press ? or * to list all spells.
Aiming: Pain
Press: ? - help, Shift-Dir - straight line, f/p - gnoll
Aim: a gnoll, wielding a whip (heavily wounded, chance to defeat MR: 62%)
The gnoll resists with significant effort.
The gnoll barely misses you. The gnoll misses you.
A gnoll comes into view. It is wielding a spear.
Casting: Pain
Confirm with . or Enter, or press ? or * to list all spells.
Aiming: Pain
Press: ? - help, Shift-Dir - straight line, f/p - gnoll
Aim: a gnoll, wielding a whip (heavily wounded, chance to defeat MR: 62%)
The gnoll resists with significant effort.
The gnoll shouts!
The gnoll hits you with a whip!
You die...

....(.g #....... ....g..
###.###....... ....... # .....
........ #.........# ..###..#
#....... ##....g....
...##.###....... #.........
#.............. ........##
####............
.......gg..#####.........#.# #.
...##..(...ggg@............###.
...........#####...........##..
...............................
.......................>..@.###
............................#⌠.
..###.......................#..
# ####.#####...........#####.
.... .............#..... .....
.....#######......+.


You could see 4 gnolls and a hobgoblin.

Vanquished Creatures
  An ooze (D:1)
  A worm (D:2)
  2 dart slugs (D:1)
  2 leopard geckos (D:1)
  A giant cockroach (D:2)
  2 goblins
  A hobgoblin (D:1)
  A bat (D:2)
  4 kobolds (D:1)
  3 rats (D:1)
18 creatures vanquished.

Notes
Turn   | Place    | Note
-------+----------+-------------------------------------------
     0 | D:1      | Rrauwl the Ghoul Necromancer began the quest for the Orb.
     0 | D:1      | Reached XP level 1. HP: 14/14 MP: 2/2
    88 | D:1      | Reached XP level 2. HP: 21/22 MP: 0/3
   509 | D:1      | Reached skill level 1 in Fighting
   830 | D:2      | Reached XP level 3. HP: 24/28 MP: 1/5
   919 | D:2      | Found a shattered altar of Ashenzari.
   936 | D:2      | Noticed Sigmund
  1014 | D:2      | Mangled by a gnoll

Vault maps used:
D:1:      doesnt_arrival_goblin_jail, hangedman_abyss_or_decor_stabs,
          kennysheep_decorative_pillar
D:2:      evilmike_ruin_ashenzari, serial_corexii_hall, corexii_hall_statues_x,
          corexii_hall_statues_l, uniq_sigmund
D:3:      kiku_gazebo_garden_becter, nemelex_xobeh_ov_fountains_minmay,
          first_bread, hangedman_decor_clover_reticule, uniq_ijyb

Skill      XL: |  1  2 |
---------------+-------+-----
Dodging        | 2 |  2.0
Spellcasting   | 2 |  2.0
Fighting       | 1 |  1.5
Armour         | |  0.3
Stealth        | |  2.1
Necromancy     | |  4.2

Action                   || total
-------------------------++-------
Melee: Unarmed           ||    38
 Fire: Hunting sling     ||    22
 Cast: Pain              ||    16
  Use: Scroll            ||     3
       Potion            ||     1
 Stab: Sleeping          ||     2
  Eat: Chunk             ||    11
Armor: Robe              ||     8
Dodge: Dodged            ||    30
